| TOP OF THE 1ST |
|
Tri-City Dust Devils batting - Pitching for Bellingham Mariners : RHP Anthony Stearns
|
|
Pitching: RHP Anthony Stearns
|
|
|
Batting: LHB LaVel Freeman
|
0-0: Called Strike 0-1: Called Strike 0-2: Foul Ball, location: 2F 0-2: Ball 1-2: Fly out, F5 (Popup, 56S, EV 86.3 MPH)
|
|
Batting: LHB Kevin Jones
|
0-0: Bunted foul 0-1: Ball 1-1: Ball 2-1: Called Strike 2-2: Foul Ball, location: 2F 2-2: Strikes out swinging
|
|
Batting: RHB Desmond Brooks
|
0-0: Ball 1-0: Ball 2-0: Ball 3-0: Called Strike 3-1: Foul Ball, location: 2F 3-2: Fly out, F9 (Line Drive, 9D, EV 95.0 MPH)
|
| Top of the 1st over - 0 runs, 0 hits, 0 errors, 0 left on base; Tri-City 0 - Bellingham 0 |
| BOTTOM OF THE 1ST |
|
Bellingham Mariners batting - Pitching for Tri-City Dust Devils : RHP John Martinez
|
|
Pitching: RHP John Martinez
|
|
|
Batting: LHB Dan O'Regan
|
0-0: Called Strike 0-1: Swinging Strike 0-2: Ball 1-2: Foul Ball, location: 2F 1-2: SINGLE (Groundball, 34D, EV 95.0 MPH) (infield hit)
|
|
Batting: RHB Norm Carrasco
|
0-0: Called Strike 0-1: Ball 1-1: Called Strike 1-2: Ball 2-2: Ball 3-2: Base on Balls Dan O'Regan to second
|
|
Batting: RHB Juan Delgado
|
0-0: Ball 1-0: Foul Ball, location: 2F 1-1: Grounds into double play, 4-6-3 (Groundball, 34, EV 80.6 MPH) Dan O'Regan to third
|
|
Batting: SHB Paul Felix
|
0-0: Called Strike 0-1: Foul Ball, location: 2F 0-2: Ball 1-2: Foul Ball, location: 2F 1-2: Ball 2-2: Fly out, F8 (Flyball, 8LS, EV 88.8 MPH)
|
| Bottom of the 1st over - 0 runs, 1 hit, 0 errors, 1 left on base; Tri-City 0 - Bellingham 0 |
| TOP OF THE 2ND |
|
Tri-City Dust Devils batting - Pitching for Bellingham Mariners : RHP Anthony Stearns
|
|
Batting: RHB J.B. Moore
|
0-0: Called Strike 0-1: Ball 1-1: Ball 2-1: Called Strike 2-2: Ball 3-2: SINGLE (Line Drive, 4M, EV 111.3 MPH)
|
|
Batting: RHB Felipe Hernandez
|
0-0: Ball 1-0: DOUBLE (Line Drive, 7LM, EV 91.3 MPH) J.B. Moore to third Runner from 3rd tries for Home, SAFE, no throw by LF
|
|
Batting: LHB George Priftis
|
0-0: Called Strike 0-1: Foul Ball, location: 2F 0-2: Ball 1-2: Ground out 4-3 (Groundball, 34D, EV 106.9 MPH) Felipe Hernandez to third
|
|
Batting: LHB Daraka Shaheed
|
0-0: Ball 1-0: Ground out 4-3 (Groundball, 4D, EV 102.5 MPH) Felipe Hernandez scores
|
|
Batting: RHB Dennis Glynn
|
0-0: Foul Ball, location: 2F 0-1: Ball 1-1: DOUBLE (Line Drive, 7LM, EV 113.8 MPH)
|
|
Batting: RHB Jeff DeWillis
|
0-0: Ball 1-0: Called Strike 1-1: Foul Ball, location: 2F 1-2: Ball 2-2: Ball 3-2: Fly out, F6 (Line Drive, 6, EV 68.8 MPH)
|
| Top of the 2nd over - 2 runs, 3 hits, 0 errors, 1 left on base; Tri-City 2 - Bellingham 0 |
| BOTTOM OF THE 2ND |
|
Bellingham Mariners batting - Pitching for Tri-City Dust Devils : RHP John Martinez
|
|
Batting: RHB Edward Williams
|
0-0: Fly out, F4 (Line Drive, 4, EV 68.8 MPH)
|
|
Batting: RHB Hector Rivera
|
0-0: Fly out, F9 (Flyball, 9, EV 89.4 MPH)
|
|
Batting: RHB Elza Nevoeiro
|
0-0: Foul Ball, location: 2F 0-1: Ball 1-1: Ball 2-1: Ball 3-1: Base on Balls
|
|
Batting: RHB Werner Lajszky
|
0-0: Ball 1-0: Ball 2-0: Ball 3-0: Base on Balls Elza Nevoeiro to second
|
|
Batting: RHB Barry Cheesman
|
0-0: Swinging Strike 0-1: Foul Ball, location: 2F 0-2: Ball 1-2: Strikes out swinging
|
| Bottom of the 2nd over - 0 runs, 0 hits, 0 errors, 2 left on base; Tri-City 2 - Bellingham 0 |
| TOP OF THE 3RD |
|
Tri-City Dust Devils batting - Pitching for Bellingham Mariners : RHP Anthony Stearns
|
|
Batting: LHB LaVel Freeman
|
0-0: Called Strike 0-1: Ball 1-1: Ball 2-1: Ball 3-1: Base on Balls
|
|
Batting: LHB Kevin Jones
|
0-0: Called Strike LaVel Freeman steals 2nd base 0-1: Swinging Strike 0-2: Strikes out swinging
|
|
Batting: RHB Desmond Brooks
|
0-0: Ball 1-0: Foul Ball, location: 2F 1-1: Ball 2-1: Ball 3-1: Base on Balls
|
|
Batting: RHB J.B. Moore
|
0-0: Ball 1-0: Ball 2-0: Called Strike 2-1: SINGLE (Line Drive, 56, EV 97.5 MPH) LaVel Freeman to third Desmond Brooks to second
|
|
Batting: RHB Felipe Hernandez
|
0-0: Ball 1-0: Foul Ball, location: 2F 1-1: Ball 2-1: Called Strike 2-2: Strikes out swinging
|
|
Batting: LHB George Priftis
|
0-0: Called Strike 0-1: Ball 1-1: Fly out, F9 (Flyball, 9LS, EV 83.1 MPH)
|
| Top of the 3rd over - 0 runs, 1 hit, 0 errors, 3 left on base; Tri-City 2 - Bellingham 0 |
| BOTTOM OF THE 3RD |
|
Bellingham Mariners batting - Pitching for Tri-City Dust Devils : RHP John Martinez
|
|
Batting: LHB Dan O'Regan
|
0-0: Ball 1-0: Ball 2-0: Called Strike 2-1: Ball 3-1: Base on Balls
|
|
Batting: RHB Norm Carrasco
|
0-0: Ball 1-0: Called Strike 1-1: Swinging Strike 1-2: Strikes out swinging
|
|
Batting: RHB Juan Delgado
|
0-0: Foul Ball, location: 2F 0-1: Ball 1-1: Foul Ball, location: 2F 1-2: Ball Dan O'Regan steals 2nd base 2-2: Foul Ball, location: 2F 2-2: Foul Ball, location: 2F 2-2: Foul Ball, location: 2F 2-2: Reached on error, E6 (Line Drive, 6, EV 72.5 MPH) Dan O'Regan to third
|
|
Batting: SHB Paul Felix
|
0-0: Called Strike 0-1: Foul Ball, location: 2F 0-2: Strikes out swinging
|
|
Batting: RHB Edward Williams
|
0-0: Swinging Strike 0-1: Swinging Strike 0-2: Ball Juan Delgado steals 2nd base 1-2: Strikes out swinging
|
| Bottom of the 3rd over - 0 runs, 0 hits, 1 error, 2 left on base; Tri-City 2 - Bellingham 0 |
| TOP OF THE 4TH |
|
Tri-City Dust Devils batting - Pitching for Bellingham Mariners : RHP Anthony Stearns
|
|
Batting: LHB Daraka Shaheed
|
0-0: Ball 1-0: Foul Ball, location: 2F 1-1: Foul Ball, location: 2F 1-2: Ball 2-2: Fly out, F8 (Flyball, 8LD, EV 91.9 MPH)
|
|
Batting: RHB Dennis Glynn
|
0-0: Ground out 6-3 (Groundball, 6, EV 96.9 MPH)
|
|
Batting: RHB Jeff DeWillis
|
0-0: Foul Ball, location: 2F 0-1: Ball 1-1: Ball 2-1: Ball 3-1: Ground out 5-3 (Groundball, 56S, EV 88.1 MPH)
|
| Top of the 4th over - 0 runs, 0 hits, 0 errors, 0 left on base; Tri-City 2 - Bellingham 0 |
| BOTTOM OF THE 4TH |
|
Bellingham Mariners batting - Pitching for Tri-City Dust Devils : RHP John Martinez
|
|
Batting: RHB Hector Rivera
|
0-0: Called Strike 0-1: SINGLE (Groundball, 34, EV 95.0 MPH)
|
|
Batting: RHB Elza Nevoeiro
|
0-0: Foul Ball, location: 2F 0-1: Ball 1-1: Swinging Strike 1-2: Strikes out swinging
|
|
Batting: RHB Werner Lajszky
|
0-0: Called Strike 0-1: Foul Ball, location: 2F 0-2: Ball 1-2: Ball 2-2: Strikes out looking
|
|
Batting: RHB Barry Cheesman
|
0-0: Called Strike 0-1: Foul Ball, location: 2F 0-2: Strikes out swinging
|
| Bottom of the 4th over - 0 runs, 1 hit, 0 errors, 1 left on base; Tri-City 2 - Bellingham 0 |
| TOP OF THE 5TH |
|
Tri-City Dust Devils batting - Pitching for Bellingham Mariners : RHP Anthony Stearns
|
|
Batting: LHB LaVel Freeman
|
0-0: Foul Ball, location: 2F 0-1: Ball 1-1: Foul Ball, location: 2F 1-2: Ball 2-2: Foul Ball, location: 2F 2-2: Ball 3-2: Fly out, F8 (Flyball, 78XD, EV 86.3 MPH)
|
|
Batting: LHB Kevin Jones
|
0-0: Ball 1-0: DOUBLE (Line Drive, 7LM, EV 100.6 MPH)
|
|
Batting: RHB Desmond Brooks
|
0-0: Foul Ball, location: 2F 0-1: Ball 1-1: Ball 2-1: Swinging Strike 2-2: Ball 3-2: Base on Balls
|
|
Batting: RHB J.B. Moore
|
0-0: Ball 1-0: SINGLE (Line Drive, 4D, EV 103.8 MPH) Kevin Jones to third Desmond Brooks to second
|
|
Batting: RHB Felipe Hernandez
|
0-0: Ground out 5-3 (Groundball, 56S, EV 71.9 MPH) Kevin Jones scores Desmond Brooks to third J.B. Moore to second
|
|
Batting: LHB George Priftis
|
0-0: SINGLE (Flyball, 6D, EV 91.3 MPH) Desmond Brooks scores J.B. Moore to third Runner from 3rd tries for Home, SAFE, throw by CF to home
|
|
Batting: LHB Daraka Shaheed
|
0-0: SINGLE (Line Drive, 7LM, EV 103.1 MPH) George Priftis to second
|
|
Batting: RHB Dennis Glynn
|
0-0: Called Strike 0-1: Ball 1-1: Foul Ball, location: 2F 1-2: Ball 2-2: Ball 3-2: Foul Ball, location: 2F 3-2: Foul Ball, location: 2F 3-2: Base on Balls George Priftis to third Daraka Shaheed to second
|
|
Batting: RHB Jeff DeWillis
|
0-0: Foul Ball, location: 2F 0-1: Foul Ball, location: 2F 0-2: Ball 1-2: Ball 2-2: SINGLE (Line Drive, 7S, EV 98.1 MPH) George Priftis scores Daraka Shaheed to third Dennis Glynn to second Runner from 3rd tries for Home, SAFE, throw by LF to home
|
|
Pitching: RHP Jay Samuel
|
|
|
Batting: LHB LaVel Freeman
|
0-0: Called Strike 0-1: Ball 1-1: Called Strike 1-2: Foul Ball, location: 2F 1-2: SINGLE (Groundball, 25, EV 65.6 MPH) (infield hit) Dennis Glynn to third Jeff DeWillis to second
|
|
Batting: LHB Kevin Jones
|
0-0: Foul Ball, location: 2F 0-1: SINGLE (Groundball, 4MD, EV 94.4 MPH) Dennis Glynn scores Jeff DeWillis to third LaVel Freeman to second Runner from 3rd tries for Home, SAFE, throw by CF to home
|
|
Batting: RHB Desmond Brooks
|
0-0: Called Strike 0-1: Ball 1-1: Reached on error, E6 (Groundball, 6, EV 100.0 MPH) LaVel Freeman to third Kevin Jones to second
|
|
Batting: RHB J.B. Moore
|
0-0: Fielders Choice at 2nd, 5-4 (Groundball, 56, EV 76.3 MPH)
|
| Top of the 5th over - 7 runs, 7 hits, 1 error, 3 left on base; Tri-City 9 - Bellingham 0 |
| BOTTOM OF THE 5TH |
|
Bellingham Mariners batting - Pitching for Tri-City Dust Devils : RHP John Martinez
|
|
Batting: LHB Dan O'Regan
|
0-0: Called Strike 0-1: Called Strike 0-2: Foul Ball, location: 2F 0-2: Ball 1-2: Fly out, F6 (Line Drive, 6, EV 67.5 MPH)
|
|
Batting: RHB Norm Carrasco
|
0-0: Called Strike 0-1: Fly out, F7 (Flyball, 7, EV 93.8 MPH)
|
|
Batting: RHB Juan Delgado
|
0-0: SINGLE (Groundball, 6MS, EV 95.6 MPH)
|
|
Batting: SHB Paul Felix
|
0-0: Ball 1-0: Called Strike 1-1: Ball 2-1: Called Strike 2-2: Ball 3-2: Base on Balls Juan Delgado to second
|
|
Batting: RHB Edward Williams
|
0-0: Called Strike 0-1: Ball 1-1: Ball 2-1: Ball 3-1: Foul Ball, location: 2F 3-2: Ground out 4-3 (Groundball, 4, EV 92.5 MPH)
|
| Bottom of the 5th over - 0 runs, 1 hit, 0 errors, 2 left on base; Tri-City 9 - Bellingham 0 |
| TOP OF THE 6TH |
|
Tri-City Dust Devils batting - Pitching for Bellingham Mariners : RHP Jay Samuel
|
|
Batting: RHB Felipe Hernandez
|
0-0: Ball 1-0: Ball 2-0: Called Strike 2-1: SINGLE (Line Drive, 8LS, EV 106.3 MPH)
|
|
Batting: LHB George Priftis
|
0-0: Ball 1-0: Fly out, F8 (Line Drive, 8LM, EV 85.6 MPH)
|
|
Batting: LHB Daraka Shaheed
|
0-0: Ball 1-0: Foul Ball, location: 2F 1-1: Foul Ball, location: 2F 1-2: Foul Ball, location: 2F 1-2: Strikes out swinging
|
|
Batting: RHB Dennis Glynn
|
0-0: Called Strike 0-1: Ball 1-1: Ball 2-1: Called Strike 2-2: Ball 3-2: Fly out, F9 (Flyball, 89M, EV 86.9 MPH)
|
| Top of the 6th over - 0 runs, 1 hit, 0 errors, 1 left on base; Tri-City 9 - Bellingham 0 |
| BOTTOM OF THE 6TH |
|
Bellingham Mariners batting - Pitching for Tri-City Dust Devils : RHP John Martinez
|
|
Batting: RHB Hector Rivera
|
0-0: Ball 1-0: Ball 2-0: Called Strike 2-1: Ground out 5-3 (Groundball, 56S, EV 70.0 MPH)
|
|
Batting: RHB Elza Nevoeiro
|
0-0: Foul Ball, location: 2F 0-1: Ball 1-1: Ground out 5-3 (Groundball, 56, EV 78.8 MPH)
|
|
Batting: RHB Werner Lajszky
|
0-0: Ground out 5-3 (Groundball, 56S, EV 68.1 MPH)
|
| Bottom of the 6th over - 0 runs, 0 hits, 0 errors, 0 left on base; Tri-City 9 - Bellingham 0 |
| TOP OF THE 7TH |
|
Tri-City Dust Devils batting - Pitching for Bellingham Mariners : RHP Jay Samuel
|
|
Pitching: RHP Charles Dexter
|
|
|
Batting: RHB Jeff DeWillis
|
0-0: Ball 1-0: Foul Ball, location: 2F 1-1: Foul Ball, location: 2F 1-2: SINGLE (Groundball, 6MD, EV 95.6 MPH)
|
|
Pinch Hitting: LHB David Otersen
|
0-0: Ground out 4-3 (Groundball, 34D, EV 98.1 MPH) Jeff DeWillis to second
|
|
Pinch Hitting: RHB Jeffrey Depiano
|
0-0: Ball 1-0: Swinging Strike 1-1: Ball 2-1: Ball 3-1: Base on Balls
|
|
Pinch Hitting: RHB Paul Daddario
|
0-0: Fly out, F6 (Flyball, 6D, EV 85.6 MPH)
|
|
Pinch Hitting: RHB Ray Williams
|
0-0: Called Strike 0-1: Fly out, F6 (Line Drive, 6, EV 74.4 MPH)
|
| Top of the 7th over - 0 runs, 1 hit, 0 errors, 2 left on base; Tri-City 9 - Bellingham 0 |
| BOTTOM OF THE 7TH |
|
Bellingham Mariners batting - Pitching for Tri-City Dust Devils : RHP John Martinez
|
|
Pitching: RHP Rich Doyle
|
|
|
Now at 1B: Randy Puckett
|
|
|
Now in LF: Jeffrey Depiano
|
|
|
Now in CF: David Otersen
|
|
|
Now in RF: Ray Williams
|
|
|
Batting: RHB Barry Cheesman
|
0-0: Foul Ball, location: 2F 0-1: Called Strike 0-2: Ball 1-2: Ball 2-2: Ground out 5-3 (Groundball, 56, EV 87.5 MPH)
|
|
Batting: LHB Dan O'Regan
|
0-0: SINGLE (Flyball, 34D, EV 87.5 MPH)
|
|
Pinch Hitting: RHB Thomas George
|
0-0: Ball Dan O'Regan steals 2nd base 1-0: Ball 2-0: Ball 3-0: Called Strike 3-1: Called Strike 3-2: 2-RUN HOME RUN (Flyball, 78XD, EV 100.6 MPH), Distance : 410 ft
|
|
Batting: RHB Juan Delgado
|
0-0: Called Strike 0-1: Foul Ball, location: 2F 0-2: Strikes out swinging
|
|
Batting: SHB Paul Felix
|
0-0: Reached on error, E7 (Flyball, 7LS, EV 88.1 MPH)
|
|
Batting: RHB Edward Williams
|
0-0: Called Strike 0-1: Foul Ball, location: 2F 0-2: Foul Ball, location: 2F 0-2: Ball 1-2: Ball 2-2: Ball 3-2: Base on Balls
|
|
Batting: RHB Hector Rivera
|
0-0: Called Strike 0-1: Ball 1-1: Called Strike 1-2: Ball 2-2: SINGLE (Groundball, 34D, EV 101.9 MPH) Paul Felix to third Edward Williams to second Runner from 3rd tries for Home, SAFE, throw by RF to home
|
|
Pitching: RHP Jimmy Darnell
|
|
|
Batting: RHB Elza Nevoeiro
|
0-0: Foul Ball, location: 2F 0-1: Swinging Strike 0-2: Ball 1-2: Strikes out swinging
|
| Bottom of the 7th over - 3 runs, 3 hits, 1 error, 2 left on base; Tri-City 9 - Bellingham 3 |
| TOP OF THE 8TH |
|
Tri-City Dust Devils batting - Pitching for Bellingham Mariners : RHP Charles Dexter
|
|
Now at 2B: Thomas George
|
|
|
Batting: RHB Felipe Hernandez
|
0-0: Ground out 4-3 (Groundball, 4, EV 91.9 MPH)
|
|
Batting: LHB George Priftis
|
0-0: Fly out, F6 (Flyball, 5D, EV 93.1 MPH)
|
|
Batting: LHB Daraka Shaheed
|
0-0: Ball 1-0: Ball 2-0: Ball 3-0: Base on Balls
|
|
Pitching: LHP Bernard Gallo
|
|
|
Batting: RHB Dennis Glynn
|
0-0: Ball 1-0: Ball 2-0: Swinging Strike 2-1: DOUBLE (Flyball, 89D, EV 92.5 MPH) Daraka Shaheed to third Runner from 3rd tries for Home, SAFE, throw by RF to trailing runner, OUT at third! 9-3-5
|
| Top of the 8th over - 1 run, 1 hit, 0 errors, 0 left on base; Tri-City 10 - Bellingham 3 |
| BOTTOM OF THE 8TH |
|
Bellingham Mariners batting - Pitching for Tri-City Dust Devils : RHP Jimmy Darnell
|
|
Batting: RHB Werner Lajszky
|
0-0: Ball 1-0: Swinging Strike 1-1: Foul Ball, location: 2F 1-2: DOUBLE (Line Drive, 9LM, EV 101.9 MPH)
|
|
Batting: RHB Barry Cheesman
|
0-0: Foul Ball, location: 2F 0-1: SINGLE (Groundball, 4MD, EV 103.1 MPH) Werner Lajszky to third Runner from 3rd tries for Home, SAFE, throw by CF to home
|
|
Batting: LHB Dan O'Regan
|
0-0: Ball 1-0: Called Strike 1-1: Swinging Strike 1-2: Grounds into double play, 4-6-3 (Groundball, 4MD, EV 81.3 MPH)
|
|
Batting: RHB Thomas George
|
0-0: Ball 1-0: Ball 2-0: Foul Ball, location: 2F 2-1: Foul Ball, location: 2F 2-2: Strikes out swinging
|
| Bottom of the 8th over - 1 run, 2 hits, 0 errors, 0 left on base; Tri-City 10 - Bellingham 4 |
| TOP OF THE 9TH |
|
Tri-City Dust Devils batting - Pitching for Bellingham Mariners : LHP Bernard Gallo
|
|
Batting: RHB Jeff DeWillis
|
0-0: SINGLE (Flyball, 8RS, EV 97.5 MPH)
|
|
Batting: LHB David Otersen
|
0-0: Grounds into double play, 5-4-3 (Groundball, 56, EV 101.3 MPH)
|
|
Batting: RHB Jeffrey Depiano
|
0-0: Called Strike 0-1: Ball 1-1: Foul Ball, location: 2F 1-2: Strikes out swinging
|
| Top of the 9th over - 0 runs, 1 hit, 0 errors, 0 left on base; Tri-City 10 - Bellingham 4 |
| BOTTOM OF THE 9TH |
|
Bellingham Mariners batting - Pitching for Tri-City Dust Devils : RHP Jimmy Darnell
|
|
Batting: RHB Juan Delgado
|
0-0: SINGLE (Groundball, 34S, EV 83.8 MPH) (infield hit)
|
|
Batting: SHB Paul Felix
|
0-0: Called Strike 0-1: Foul Ball, location: 2F 0-2: Foul Ball, location: 2F 0-2: Strikes out looking
|
|
Batting: RHB Edward Williams
|
0-0: Ball 1-0: Ball 2-0: Fly out, F7 (Flyball, 7, EV 85.0 MPH)
|
|
Batting: RHB Hector Rivera
|
0-0: Ball 1-0: Called Strike 1-1: Ball 2-1: Foul Ball, location: 2F 2-2: SINGLE (Groundball, 6D, EV 100.6 MPH) Juan Delgado to second
|
|
Batting: RHB Elza Nevoeiro
|
0-0: Ball 1-0: Ball 2-0: Ball 3-0: Called Strike 3-1: Base on Balls Juan Delgado to third Hector Rivera to second
|
|
Batting: RHB Werner Lajszky
|
0-0: Ball 1-0: Ball 2-0: Called Strike 2-1: Ball 3-1: Fly out, F6 (Popup, 4M, EV 78.1 MPH)
|
| Bottom of the 9th over - 0 runs, 2 hits, 0 errors, 3 left on base; Tri-City 10 - Bellingham 4 |
|